 Dungeon Crawl Stone Soup version 0.31-a0-408-gb642c7f9a3 (webtiles) character file.

Game seed: 7842936199968613137

570 LeprechaunX the Ruffian (level 7, -1/46 HPs)
             Began as an Octopode Shapeshifter on July 30, 2023.
             Was an Initiate of Hepliaklqana.
             Slain by an ogre
             ... wielding a +0 giant club
              (15 damage)
             ... on level 5 of the Dungeon.
             The game lasted 00:06:27 (3636 turns).

LeprechaunX the Ruffian (Octopode Shapeshifter)     Turns: 3636, Time: 00:06:28

Health: -1/46      AC:  1    Str: 22    XL:     7   Next: 34%
Magic:  16/16      EV: 14    Int: 10    God:    Hepliaklqana [......]
Gold:   289        SH:  0    Dex: 13    Spells: 6/6 levels left

rFire   . .          .
                       - Unarmed
rCold   . . .        (no shield)
rNeg    . . .        (helmet currently unavailable)
rPois   .            (no amulet)
rElec   .            k - ring of magical power
rCorr   .            m - +6 ring of strength
SInv    .            n - ring of flight
Will    .....        (no ring)
Stlth   ++           (no ring)
HPRegen 0.27/turn    (no ring)
MPRegen 0.15/turn    (no ring)
                     (no ring)

%: no passive effects
@: beast-form, flying
A: beast (slay +2), almost no armour, amphibious, 8 rings, camouflage 1,
gelatinous body 1, (nimble swimmer 1), tentacles
a: Begin Untransformation, Renounce Religion


You were on level 5 of the Dungeon.
You worshipped Hepliaklqana.
Hepliaklqana was noncommittal.
You were a hulking beast.
You visited 2 branches of the dungeon, and saw 6 of its levels.

You collected 289 gold pieces.

Inventory:

Hand Weapons
 a - a +1 sling of freezing
Jewellery
 k - a ring of magical power (left tentacle)
 m - a +6 ring of strength (right tentacle)
 n - a ring of flight (on tentacle)
Talismans
 b - a beast talisman
Wands
 t - a wand of paralysis (7)
Scrolls
 c - 5 scrolls of identify {unknown}
 d - 2 scrolls of amnesia {unknown}
 g - a scroll of noise {unknown}
 l - 3 scrolls of teleportation {unknown}
 r - a scroll of silence {unknown}
 s - a scroll of blinking {unknown}
Potions
 e - a potion of degeneration {unknown}
 f - 2 potions of might {unknown}
 h - a potion of magic {unknown}
 i - a potion of lignification
 j - 3 potions of haste {unknown}
 o - 2 potions of curing {unknown}
 p - a potion of heal wounds {unknown}
 q - a potion of brilliance {unknown}


   Skills:
 + Level 3.4 Fighting
 + Level 2.8 Ranged Weapons
 + Level 3.9 Dodging
 + Level 4.7 Unarmed Combat
 + Level 4.0 Shapeshifting


You had 6 spell levels left.
You didn't know any spells.
Your spell library contained the following spells:

 Spells                   Type           Power      Damage    Failure   Level
 Apportation              Tloc           0%         N/A       36%         1
 Sandblast                Erth           0%         2d4       36%         1
 Shock                    Conj/Air       0%         1d3       36%         1
 Ensorcelled Hibernation  Hex/Ice        0%         N/A       50%         2
 Lesser Beckoning         Tloc           0%         N/A       50%         2
 Passwall                 Tmut/Erth      0%         N/A       50%         2
 Gell's Gravitas          Tloc           0%         N/A       75%         3
 Stone Arrow              Conj/Erth      0%         3d7       75%         3
 Swiftness                Air            0%         N/A       75%         3
 Teleport Other           Tloc           0%         N/A       75%         3
 Airstrike                Air            0%         2d(0-16)  98%         4
 Animate Dead             Necr           0%         N/A       98%         4
 Alistair's Intoxication  Tmut/Pois      0%         N/A       100%        5
 Summon Forest            Summ/Tloc      0%         N/A       100%        5
 Summon Mana Viper        Hex/Summ       0%         N/A       100%        5
 Summon Cactus Giant      Summ           0%         N/A       100%        6
 Haunt                    Necr/Summ      0%         N/A       100%        7
 Infestation              Necr           0%         N/A       100%        8


Dungeon Overview and Level Annotations

Branches:
Dungeon (5/15)             Temple (1/1) D:4

Altars:
Cheibriados
Elyvilon
Gozag
Hepliaklqana
Kikubaaqudgha
Nemelex Xobeh
Okawaru
Qazlal
Ru
Sif Muna
Trog
Vehumet
Wu Jian
Xom
Yredelemnul
Zin
The Shining One

Shops:
D:3 =   D:4 (

Annotations:
D:3 3 runed translucent doors, hgbash's ghost, amateur SpSh
D:4 3 runed translucent doors, CraigForest's ghost, amateur MiFi


Innate Abilities, Weirdness & Mutations

You are a hulking beast.
Your limbs bulge with bestial killing power. (Slay +2)
You cannot wear most types of armour.
You are amphibious.
You can wear up to eight rings at the same time.
Your skin changes colour to match your surroundings (Stealth+).
Your rubbery body absorbs attacks. (AC +1, EV +1)
((You are camouflaged when in or above water. (Stealth+)))
You have tentacles for arms and can constrict up to eight enemies at once.


Message History

Items here: ))) [[ †.
Things that are here:
a +1 antimagic short sword; a +0 leather armour; an orc corpse Your +1 sling of freezing is covered in frost.
a - a +1 sling of freezing (weapon)
An orc comes into view. It is wielding a +0 flail.
An orc is nearby!
An orc is nearby!
You shoot a sling bullet. The sling bullet barely misses the orc.
The orc shouts!
You hear a shout!
You shoot a sling bullet.
The sling bullet closely misses the orc.
You shoot a sling bullet. The sling bullet hits the orc.
The sling bullet freezes the orc.
You kill the orc!
An ogre comes into view. It is wielding a +0 giant club.
An ogre is nearby!
An ogre is nearby!
An ogre is nearby!
You shoot a sling bullet. The ogre shouts!
The sling bullet hits the ogre!
The sling bullet freezes the ogre.
The ogre is moderately wounded.
An orc comes into view. It is wielding a +0 short sword.
The orc shouts!
You hear a shout!
There is a stone staircase leading up, spattered with blood here.
You shoot a sling bullet. The sling bullet hits the ogre.
The sling bullet freezes the ogre.
The ogre is heavily wounded.
You shoot a sling bullet. The sling bullet hits the ogre.
The sling bullet freezes the ogre.
The ogre is almost dead.
Your +1 sling of freezing stops glowing.
You are now empty-tentacled.
The ogre hits you with a +0 giant club!!
Ouch! That really hurt!
You tentacle-slap the ogre.
The ogre is almost dead.
The ogre hits you with a +0 giant club!
You die...

#......+ +......
#......# #......
#o.....# #......
+......# #......
#.)....#
#......#####.^....#
#................#
#................#
#.....hOo........#
#......<...........
#...................
.....................
/...................
..##+##.....######..
. +.....# #.....+
#.....#


You could see an ogre and an orc.

Vanquished Creatures
  Sigmund (D:2)
  A black bear (D:4)
  A scorpion (D:3)
  A jelly (D:4)
  Ijyb (D:4)
  2 orc wizards
  A gnoll (D:1)
  4 adders
  2 dart slugs
  15 orcs
  7 endoplasms
  5 giant cockroaches
  13 goblins
  7 hobgoblins
  3 jackals (D:4)
  7 kobolds
  5 quokkas
  5 ball pythons
  7 bats
  7 frilled lizards
  4 rats
99 creatures vanquished.

Notes
Turn   | Place    | Note
-------+----------+-------------------------------------------
     0 | D:1      | LeprechaunX the Octopode Shapeshifter began the quest for
                  | the Orb.
     0 | D:1      | Reached XP level 1. HP: 13/13 MP: 1/1
   139 | D:1      | Reached XP level 2. HP: 8/18 MP: 2/2
   370 | D:1      | Reached XP level 3. HP: 22/23 MP: 3/3
  1051 | D:2      | Reached XP level 4. HP: 29/29 MP: 4/4
  1150 | D:2      | Noticed Sigmund
  1166 | D:2      | Killed Sigmund
  1167 | D:2      | Reached skill level 1 in Ranged Weapons
  1167 | D:2      | Reached XP level 5. HP: 35/35 MP: 5/5
  1225 | D:2      | Reached XP level 6. HP: 41/41 MP: 6/6
  1249 | D:2      | Found a snail-covered altar of Cheibriados.
  1804 | D:3      | Found a shimmering altar of Xom.
  1939 | D:3      | Noticed hgbash's ghost (amateur SpSh)
  1941 | D:3      | Found a runed translucent gate.
  1941 | D:3      | Found a runed translucent gate.
  1941 | D:3      | Found a runed translucent gate.
  2280 | D:3      | Found Wymp's Jewellery Boutique.
  2428 | D:4      | Found a runed translucent gate.
  2428 | D:4      | Found a runed translucent gate.
  2428 | D:4      | Found a runed translucent gate.
  2429 | D:4      | Noticed CraigForest's ghost (amateur MiFi)
  2627 | D:4      | Noticed Ijyb
  2637 | D:4      | Paralysed by Ijyb for 3 turns
  2642 | D:4      | Killed Ijyb
  2657 | D:4      | Found a staircase to the Ecumenical Temple.
  2657 | D:4      | Noticed a black bear
  2667 | Temple   | Entered the Ecumenical Temple
  2682 | Temple   | Became a worshipper of Hepliaklqana the Forgotten
  3092 | D:4      | Found Niusk's Weapon Shoppe.
  3232 | D:4      | Reached XP level 7. HP: 46/46 MP: 7/7
  3253 | D:4      | Found a glowing silver altar of Zin.
  3574 | D:5      | Entered Level 5 of the Dungeon
  3636 | D:5      | Slain by an ogre

Illustrated notes

Levels and vault maps discovered:
D:1:      minmay_arrival_open_corners, layout_loops_ring
D:2:      layout_basic, basic_altar, uniq_sigmund
D:3:      layout_loops_ring, mainiacjoe_overflow_cross_hatched,
          gammafunk_ghost_split, serial_shops, nicolae_shop_gibbet_a_chance
D:4:      layout_basic, kennysheep_mini_moat, minmay_temple_entry_mist,
          serial_shops, nicolae_shop_back_alley_shop, gammafunk_ghost_split,
          roderic_st_hans_cross, minmay_misc_feat_cross,
          kennysheep_another_room, kennysheep_small_circle, uniq_ijyb
D:5:      layout_gridville, corexii_leaking_fountain, minmay_liquid_box
Temple:   bh_familiar_temple

Skill      XL: |  1  2  3  4  5  6  7 |
---------------+----------------------+-----
Fighting       | 2 3 |  3.4
Ranged Weapons | 1 2 |  2.8
Dodging        | 3 |  3.9
Unarmed Combat | 4 |  4.7
Shapeshifting  | 4 |  4.0

Action                     |  1- 3 |  4- 6 |  7- 9 || total
---------------------------+-------+-------+-------++-------
  Melee: Unarmed           |    42 |    26 |    15 ||    83
         Constrict         |     7 |     7 |     2 ||    16
         Tentacles         |     6 |     6 |     2 ||    14
         Punch             |     1 |       |     1 ||     2
   Fire: Sling             |    12 |   109 |    18 ||   139
    Use: Potion            |       |     1 |       ||     1
   Stab: Sleeping          |     7 |       |       ||     7
 Armour: Skin              |     2 |     4 |       ||     6
  Dodge: Dodged            |    20 |    23 |     9 ||    52

Table legend: (Time is in decaauts)
 A = Elapsed time spent in this place.
 B = Non-inter-level travel time spent in this place.
 C = Inter-level travel time spent in this place.
 D = Time resting spent in this place.
 E = Time spent auto-exploring this place.
 F = Levels seen in this place.
 G = Mean time per level.
                   A        B        C        D        E       F      G
               +--------+--------+--------+--------+--------+-----+--------+
         Total |   3657 |   3590 |     67 |     24 |   3018 |   6 |  609.5 |
       Dungeon |   3628 |   3561 |     67 |     24 |   3018 |   5 |  725.6 |
        Temple |     28 |     28 |      0 |      0 |      0 |   1 |   28.0 |
               +--------+--------+--------+--------+--------+-----+--------+

Top non-repeatable levels by time:
     D:4: 1143 daAuts
     D:2: 863 daAuts
     D:3: 789 daAuts
     D:1: 772 daAuts
     D:5: 60 daAuts
  Temple: 28 daAuts
